 Dungeon Crawl Stone Soup version 0.31-a0-321-g19405a7a6a (webtiles) character file.

Game seed: 10128388870821355495

289 lunkers the Insei (level 6, -3/48 HPs)
             Began as a Meteoran Shapeshifter on July 13, 2023.
             Constricted to death by an orc wizard (5 damage)
             ... on level 4 of the Dungeon on July 17, 2023.
             The game lasted 00:03:00 (1270 turns).

lunkers the Insei (Meteoran Shapeshifter)           Turns: 1270, Time: 00:03:00

Health: -3/48      AC:  2    Str: 16    XL:     6   Next: 89%
Magic:  7/7        EV:  9    Int: 11    God:
Gold:   108        SH:  0    Dex: 16    Spells: 5/5 levels left

rFire   . .          .
                       - Unarmed
rCold   . . .        (no shield)
rNeg    . . .        a - +0 animal skin
rPois   .            (helmet currently unavailable)
rElec   .            (cloak currently unavailable)
rCorr   .            (gloves currently unavailable)
SInv    .            (boots currently unavailable)
Will    .....        g - amulet of the acrobat
Stlth   +            (no ring)
HPRegen 0.28/turn    (no ring)
MPRegen 0.10/turn

%: acrobat
@: beast-form, grasped by roots, glowing, constricted
A: beast (slay +2), sense surroundings 1, otherworldly, glowing, explore regen
a: Begin Untransformation


You were on level 4 of the Dungeon.
You were a hulking beast.
You visited 1 branch of the dungeon, and saw 4 of its levels.

You collected 108 gold pieces.

Inventory:

Armour
 a - a +0 animal skin (worn)
 l - a +0 pair of gloves
 m - a +0 cloak
Jewellery
 g - an amulet of the acrobat (around neck)
Talismans
 c - a beast talisman
Scrolls
 e - 4 scrolls of identify {unknown}
 f - a scroll of enchant armour {unknown}
 h - a scroll of teleportation {unknown}
 i - 2 scrolls of poison {unknown}
 n - a scroll of torment {unknown}
Potions
 b - 2 potions of cancellation {unknown}
 d - a potion of resistance {unknown}
 j - a potion of curing {unknown}
 k - a potion of degeneration {unknown}


   Skills:
 - Level 2.1 Fighting
 - Level 2.4 Dodging
 + Level 7.8 Unarmed Combat
 - Level 3.6 Shapeshifting


You had 5 spell levels left.
You didn't know any spells.
Your spell library contained the following spells:

 Spells                   Type           Power      Damage    Failure   Level
 Wereblood                Tmut           0%         N/A       47%         2
 Frozen Ramparts          Ice            0%         1d1       71%         3
 Petrify                  Tmut/Erth      0%         N/A       98%         4
 Irradiate                Conj/Tmut      0%         3d11      100%        5
 Metabolic Englaciation   Hex/Ice        0%         N/A       100%        5


Dungeon Overview and Level Annotations

Branches:
Dungeon (4/15) Zot: 1141
 Temple: D:4-7

Altars:

Annotations:
D:1 2 transporters


Innate Abilities, Weirdness & Mutations

You are a hulking beast.
Your limbs bulge with bestial killing power. (Slay +2)
You passively map a small area around you.
You are easily found by Zot.
You glow in the dark.
You regain HP and MP as you explore.


Message History

The orc wizard barely misses you.
You punch the orc wizard!
The orc wizard is severely wounded.
The orc wizard gestures wildly while chanting.
The orc wizard flickers and vanishes!
Deactivating autopickup; reactivate with Ctrl-A.
The orc wizard hits you with a +0 dagger.
You hit the orc wizard.
You kill the orc wizard!
The orc barely misses you.
You hit the orc.
The orc is moderately wounded.
The orc hits you with a +2 vampiric hand axe.
* * * LOW HITPOINT WARNING * * *
The orc draws strength from your wounds!
You hear a zap.
The roots erupt in riotous growth!
The orc is unaffected.
The grasping roots grab you!
You are constricted.
* * * LOW HITPOINT WARNING * * *
Unknown command.
Okay, then.
Okay, then.
You punch the orc!
You kill the orc!
You are constricted.
* * * LOW HITPOINT WARNING * * *
You punch the ogre!
The ogre is moderately wounded.
Unknown command.
You punch the ogre!
The ogre is severely wounded.
The ogre hits you with a +0 giant club!
* * * LOW HITPOINT WARNING * * *
You are constricted.
* * * LOW HITPOINT WARNING * * *
You hit the ogre.
The ogre is almost dead.
You are constricted.
You die...

#...##..###.........,
, *
..........#.........
, *
..........#.........,
..........#.........
, ,,
#...####'##.........
,
#...*#..............
..., #..............
, ,, ..,
#.....#'######### ,
#.....#.†h)...... ,,
#.....#..)O...... , ,
#.....#.......... ,
#.....#...##...## *
#.....#...# ...# * *
* #.....#.... ...# ,
, #..... ?.# * #.....
..# , ,


You could see an ogre.

Vanquished Creatures
  A water moccasin (D:3)
  A scorpion (D:3)
  A hound (D:4)
  An orc wizard (D:4)
  An adder (D:4)
  2 worms (D:2)
  A dart slug (D:3)
  2 orcs (D:4)
  4 ball pythons
  5 endoplasms
  4 giant cockroaches
  3 goblins
  3 hobgoblins
  3 jackals (D:2)
  5 kobolds
  5 quokkas
  3 bats
  4 frilled lizards
  6 rats
55 creatures vanquished.

Notes
Turn   | Place    | Note
-------+----------+-------------------------------------------
     0 | D:1      | lunkers the Meteoran Shapeshifter began the quest for the
                  | Orb.
     0 | D:1      | Reached XP level 1. HP: 17/17 MP: 2/2
    19 | D:1      | Reached skill level 3 in Unarmed Combat
    19 | D:1      | Reached XP level 2. HP: 14/24 MP: 3/3
   239 | D:1      | Reached XP level 3. HP: 26/29 MP: 4/4
   333 | D:1      | Reached skill level 4 in Unarmed Combat
   668 | D:2      | Reached XP level 4. HP: 36/36 MP: 5/5
   985 | D:3      | Reached skill level 5 in Unarmed Combat
  1001 | D:3      | Noticed a scorpion
  1012 | D:3      | Killed a scorpion
  1013 | D:3      | Reached skill level 6 in Unarmed Combat
  1013 | D:3      | Reached XP level 5. HP: 27/41 MP: 6/6
  1112 | D:3      | Noticed a water moccasin
  1129 | D:3      | Killed a water moccasin
  1130 | D:3      | Reached skill level 7 in Unarmed Combat
  1130 | D:3      | Reached XP level 6. HP: 47/48 MP: 7/7
  1135 | D:3      | Upgraded the game from 0.31-a0-263-ge8cad7f256 to
                  | 0.31-a0-321-g19405a7a6a
  1261 | D:4      | Noticed an ogre
  1269 | D:4      | HP: 2/48 [something (4)]
  1270 | D:4      | Constricted to death by an orc wizard

Illustrated notes

Levels and vault maps discovered:
D:1:      spicycebolla_arrival_transporter_tutorial, layout_basic,
          dreamdust_ecumenical_altar_hidden_monk_grotto, minmay_misc_feat_room
D:2:      layout_basic
D:3:      layout_loops_ring, gammafunk_temple_overflow_statue
D:4:      layout_gridville, minmay_temple_entry_antechambers

Skill      XL: |  1  2  3  4  5 |
---------------+----------------+-----
Unarmed Combat | 3 4 6 7 |  7.8
Fighting       | |  2.1
Dodging        | |  2.4
Shapeshifting  | |  3.6

Action                     |  1- 3 |  4- 6 || total
---------------------------+-------+-------++-------
  Melee: Unarmed           |    76 |    63 ||   139
         Punch             |     4 |     3 ||     7
    Use: Potion            |       |     1 ||     1
 Armour: Animal skin       |    19 |     7 ||    26
         Skin              |       |     2 ||     2
  Dodge: Dodged            |    33 |    28 ||    61

Table legend: (Time is in decaauts)
 A = Elapsed time spent in this place.
 B = Non-inter-level travel time spent in this place.
 C = Inter-level travel time spent in this place.
 D = Time resting spent in this place.
 E = Time spent auto-exploring this place.
 F = Levels seen in this place.
 G = Mean time per level.
                   A        B        C        D        E       F      G
               +--------+--------+--------+--------+--------+-----+--------+
         Total |   1257 |   1223 |     34 |      3 |    903 |   4 |  314.2 |
       Dungeon |   1257 |   1223 |     34 |      3 |    903 |   4 |  314.2 |
               +--------+--------+--------+--------+--------+-----+--------+

Top non-repeatable levels by time:
     D:2: 511 daAuts
     D:1: 364 daAuts
     D:3: 316 daAuts
     D:4: 65 daAuts
